 Dungeon Crawl Stone Soup version 0.28.0 (webtiles) character file.

Game seed: 5813540679239933091

152 mopl the Poker (level 5, -3/40 HPs)
             Began as a Palentonga Gladiator on Feb 14, 2022.
             Slain by a gnoll (5 damage)
             ... on level 3 of the Dungeon.
             The game lasted 00:02:19 (1716 turns).

mopl the Poker (Palentonga Gladiator)               Turns: 1716, Time: 00:02:19

Health: -3/40      AC:  8    Str: 20    XL:     5   Next: 11%
Magic:  5/5        EV:  6    Int:  8    God:
Gold:   87         SH:  0    Dex: 11    Spells: 4/4 levels left

rFire   . . .      SeeInvis +   g - +1 spear (freeze)
rCold   . . .      Faith    .   (no shield)
rNeg    . . .      Spirit   .   n - +0 chain mail
rPois   .          Reflect  .   c - +0 helmet
rElec   .          Harm     .   (no cloak)
rCorr   .          Rampage  .   (no gloves)
Will    .....                   (no barding)
Stlth   ..........              (no amulet)
HPRegen 0.13/turn               (no ring)
MPRegen 0.09/turn               (no ring)

@: no status effects
A: large, rugged brown scales 3, see invisible, deformed body, roll 1, armoured
tail
a: Rolling Charge


You were on level 3 of the Dungeon.
You visited 1 branch of the dungeon, and saw 3 of its levels.

You collected 87 gold pieces.

Inventory:

Hand Weapons
 a - a +0 trident
 g - a +1 spear of freezing (weapon)
Missiles
 d - 2 throwing nets (quivered)
 h - 4 javelins
 l - 2 poisoned darts
Armour
 c - a +0 helmet (worn)
 n - a +0 chain mail (worn)
Magical Staves
 e - a staff of poison
Scrolls
 b - a scroll of identify {unknown}
 i - a scroll of vulnerability {unknown}
 j - a scroll of immolation {unknown}
 k - 3 scrolls of teleportation {unknown}
 p - a scroll of brand weapon {unknown}
Potions
 f - a potion of invisibility {unknown}
 m - a potion of degeneration {unknown}
 o - a potion of flight {unknown}


   Skills:
 - Level 2.0 Fighting
 + Level 5.3 Polearms
 - Level 1.3 Throwing
 - Level 2.4 Dodging


You had 4 spell levels left.
You didn't know any spells.
Your spell library was empty.

Dungeon Overview and Level Annotations

Branches:
Dungeon (3/15)

Altars:
Makhleb

Shops:
D:2 (

Annotations:
D:3 1 transporter, Raspi's ghost, amateur MiGl


Innate Abilities, Weirdness & Mutations

You are completely covered in rugged brown scales. (AC +3, +7% HP)
You have supernaturally acute eyesight. (SInv)
Armour fits poorly on your strangely shaped body.
You can roll at nearby foes to attack.
You have a long armoured tail.


Message History

You hit the orc wizard. You freeze the orc wizard.
You tail-slap the orc wizard.
The orc wizard is severely wounded.
You closely miss the orc wizard.
The orc wizard is severely wounded.
The orc wizard hits you with a +0 dagger.
The dart slug launches a dart at you.
The slug dart misses the orc wizard.
The slug dart hits you but does no damage.
A gnoll comes into view. It is wielding a +0 flail.
The gnoll shouts!
You hit the orc wizard but do no damage.
The orc wizard is severely wounded.
The orc wizard casts a spell at you.
You are confused.
The gnoll hits you with a +0 whip.
You are too confused!
You're too confused to move!
The gnoll hits you with a +0 whip. The orc wizard barely misses you.
You completely miss the gnoll.
The orc wizard hits you with a +0 dagger.
The gnoll completely misses you.
You bump into the rock wall.
The gnoll hits you but does no damage.
The orc wizard hits you but does no damage.
The gnoll hits you with a +0 whip.
You're too confused to move!
The gnoll hits you from afar with a +0 spear!
* * * LOW HITPOINT WARNING * * *
The orc wizard hits you but does no damage.
The dart slug briefly extends its eye-stalks.
The gnoll hits you with a +0 whip.
* * * LOW HITPOINT WARNING * * *
You hit the gnoll. You freeze the gnoll.
The gnoll is heavily wounded.
You feel less confused. The orc wizard casts a spell at you.
The magic dart hits you.
* * * LOW HITPOINT WARNING * * *
The gnoll hits you with a +0 whip.
You die...

#.........##..............††.
#............................
#............###.............
.............# #.............
.............# .........#....
.............# ........#...#
........#...# .......#...#
..#....#...# ......#...#
......#..@# ### #...#
.#.....†go# ..#..# #.......w#
...#..# #.......g)...... ..
#..# ................
...........g....
................
................
...............


You could see an orc wizard (invisible), 2 gnolls and a dart slug.

Vanquished Creatures
  Terence (D:2)
  Robin (D:2)
  3 gnolls (D:3)
  An adder (D:2)
  A worm (D:2)
  A dart slug (D:2)
  4 orcs (D:3)
  3 ball pythons
  3 endoplasms
  3 giant cockroaches
  7 hobgoblins
  5 jackals
  4 kobolds
  2 quokkas (D:1)
  3 bats
  3 frilled lizards
  13 goblins
  9 rats
67 creatures vanquished.

Notes
Turn   | Place    | Note
-------+----------+-------------------------------------------
     0 | D:1      | mopl the Palentonga Gladiator began the quest for the Orb.
     0 | D:1      | Reached XP level 1. HP: 17/17 MP: 1/1
   145 | D:1      | Reached skill level 3 in Polearms
   170 | D:1      | Reached XP level 2. HP: 14/23 MP: 2/2
   451 | D:2      | Reached XP level 3. HP: 28/28 MP: 3/3
   458 | D:2      | Reached skill level 4 in Polearms
   780 | D:2      | Noticed Robin
  1209 | D:2      | Killed Robin
  1210 | D:2      | Reached XP level 4. HP: 35/35 MP: 4/4
  1259 | D:2      | Noticed Terence
  1270 | D:2      | Killed Terence
  1519 | D:2      | Found Noupuifo's Weapon Shoppe.
  1605 | D:3      | Found a transporter.
  1609 | D:3      | Noticed Raspi's ghost (amateur MiGl)
  1609 | D:3      | Noticed an ogre
  1610 | D:3      | Noticed an ogre
  1611 | D:3      | Noticed an ogre
  1613 | D:3      | Reached skill level 5 in Polearms
  1624 | D:3      | Found a burning altar of Makhleb.
  1699 | D:3      | Reached XP level 5. HP: 29/40 MP: 5/5
  1716 | D:3      | HP: 2/40 [orc wizard/magic dart (4)]
  1716 | D:3      | Slain by a gnoll

Illustrated notes

Levels and vault maps discovered:
D:1:      dpeg_arrival_more_subterranean_lakeside_camping, layout_rooms
D:2:      layout_rooms, serial_shops, shop, uniq_terence, uniq_robin
D:3:      layout_basic, slow_altar_1, bloody_makhleb, gammafunk_ghost_smash

Skill      XL: |  1  2  3  4 |
---------------+-------------+-----
Polearms       | 3 4 5 |  5.3
Fighting       | |  2.0
Throwing       | |  1.3
Dodging        | |  2.4

Action                   |  1- 3 |  4- 6 || total
-------------------------+-------+-------++-------
Melee: Spear             |   117 |    58 ||   175
       Trident           |    13 |       ||    13
       Tailslap          |    17 |     8 ||    25
Throw: Throwing net      |     1 |       ||     1
 Stab: Held in net/web   |     1 |       ||     1
Armor: Ring mail         |    47 |     1 ||    48
       Leather armour    |     1 |       ||     1
       Chain mail        |       |    23 ||    23
Dodge: Dodged            |    53 |    13 ||    66
